 Dungeon Crawl Stone Soup version 0.28.0-45-g0d030f2227 (webtiles) character file.

Game seed: 8620675019741010052

709 seaoflcl the Slasher (level 8, -5/60 HPs)
             Began as a Human Fighter on Apr 23, 2022.
             Killed from afar by Ijyb (17 damage)
             ... with a bolt of acid
             ... on level 5 of the Dungeon.
             The game lasted 00:06:10 (4620 turns).

seaoflcl the Slasher (Human Fighter)                Turns: 4620, Time: 00:06:11

Health: -5/60      AC:  8    Str: 19    XL:     8   Next: 0%
Magic:  8/8        EV: 11    Int:  8    God:
Gold:   163        SH: 10    Dex: 13    Spells: 7/7 levels left

rFire   . . .      SeeInvis .   a - +0 long sword
rCold   . . .      Faith    .   c - +0 buckler
rNeg    . . .      Spirit   .   e - +0 chain mail
rPois   .          Reflect  +   k - +0 helmet
rElec   .          Harm     .   l - +0 cloak
rCorr   .          Rampage  .   (no gloves)
Will    .....                   (no boots)
Stlth   ..........              q - amulet of reflection
HPRegen 0.20/turn               o - +4 ring of evasion
MPRegen 0.11/turn               (no ring)

@: corroded
A: no striking features
a: no special abilities


You were on level 5 of the Dungeon.
You visited 1 branch of the dungeon, and saw 5 of its levels.

You collected 163 gold pieces.

Inventory:

Hand Weapons
 a - a +0 long sword (weapon)
Missiles
 d - 2 throwing nets (quivered)
 n - 34 sling bullets
Armour
 c - a +0 buckler (worn)
 e - a +0 chain mail (worn)
 k - a +0 helmet (worn)
 l - a +0 cloak (worn)
 s - a +0 troll leather armour {Pargi}
Jewellery
 o - a +4 ring of evasion (left hand)
 q - an amulet of reflection (around neck)
Wands
 r - a wand of digging (3)
Scrolls
 b - 4 scrolls of summoning {unknown}
 f - a scroll of enchant armour {unknown}
 g - a scroll of fog {unknown}
 h - 2 scrolls of teleportation {unknown}
 i - 5 scrolls of identify {unknown}
 m - a scroll of brand weapon {unknown}
Potions
 j - a potion of flight
 p - a potion of berserk rage {unknown}
 t - a potion of curing


   Skills:
 + Level 4.1 Fighting
 + Level 6.1 Long Blades
 + Level 4.5 Armour
 + Level 1.7 Dodging
 + Level 0.8 Stealth
 + Level 3.9 Shields


You had 7 spell levels left.
You didn't know any spells.
Your spell library contained the following spells:

 Spells                   Type           Power      Damage    Failure   Level
 Ignite Poison            Fire/Tmut/Pois 0%         N/A       100%        3
 Mephitic Cloud           Conj/Pois/Air  0%         N/A       100%        3
 Freezing Cloud           Conj/Ice/Air   0%         6-21      100%        5


Dungeon Overview and Level Annotations

Branches:
Dungeon (5/15)
 Temple: D:4-7

Altars:
Fedhas
Sif Muna

Annotations:
D:5 Ijyb


Message History

The white imp shouts, "Begone, thou puny folly-fallen canker-blossom!"
Found a fizzy pink potion.
Found a stone staircase leading down.
Ijyb the Twisted Goblin comes into view.
She is wielding a +0 club and carrying a wand of acid (10).
The white imp gestures at you.
The puff of frost hits you but does no damage.
Ijyb shouts!
You hit the white imp but do no damage. The white imp closely misses you.
The white imp gestures at you. The puff of frost misses you.
You barely miss the white imp. The white imp gestures at you.
The puff of frost hits you but does no damage.
You slash the white imp!
The white imp is almost dead.
The white imp gestures at you. The puff of frost misses you.
You closely miss the white imp.
The white imp is almost dead.
The white imp shouts, "Embrace submission, thou worthless flat-headed bandersnitch!"
The white imp gestures at you.
The puff of frost hits you but does no damage.
You closely miss the white imp.
The white imp is almost dead.
The white imp gestures at you. The puff of frost hits you!
You barely miss the white imp.
The white imp is almost dead.
Ijyb completely misses you. The white imp gestures at you.
The puff of frost hits you.
You hit the white imp.
You kill the white imp!
Ijyb zaps a wand.
The bolt of acid hits you!!
Ouch! That really hurt!
* * * LOW HITPOINT WARNING * * *
The acid corrodes you! Ijyb hits you but does no damage.
You have reached level 8!
You feel agile.
Ijyb zaps a wand.
The bolt of acid hits you!
You die...

... ##.. #.. ##.#
.. ####..###....
.####............
.........<######.
.)..#.#.#........
#......@#######..
.........#
#)(.....g.#
#....?....#
#.........#
#....>....#
#...^.....#
#.........#
#.!.....>.#


You could see Ijyb.

Vanquished Creatures
  Sigmund (D:3)
  Pargi (D:3)
  An ogre (D:4)
  A scorpion (D:4)
  A hound (D:4)
  A centaur skeleton (D:4)
  2 iguanas
  2 orc wizards (D:4)
  4 gnolls (D:4)
  3 adders
  A white imp (D:5)
  A worm (D:4)
  A dart slug (D:1)
  6 orcs (D:4)
  5 ball pythons
  5 bats
  7 endoplasms
  2 giant cockroaches
  2 goblins (D:1)
  A hobgoblin (D:1)
  6 kobolds
  8 quokkas
  2 frilled lizards (D:3)
  2 rats (D:1)
66 creatures vanquished.

Vanquished Creatures (others)
  An orc wizard (D:4)
1 creature vanquished.

Grand Total: 67 creatures vanquished

Notes
Turn   | Place    | Note
-------+----------+-------------------------------------------
     0 | D:1      | seaoflcl the Human Fighter began the quest for the Orb.
     0 | D:1      | Reached XP level 1. HP: 18/18 MP: 1/1
    89 | D:1      | Reached XP level 2. HP: 14/24 MP: 2/2
   268 | D:1      | Found a faded altar of an unknown god.
   683 | D:1      | Found a shimmering blue altar of Sif Muna.
   731 | D:1      | Reached XP level 3. HP: 29/29 MP: 3/3
  1320 | D:2      | Found a blossoming altar of Fedhas.
  2039 | D:2      | Reached skill level 3 in Long Blades
  2039 | D:2      | Reached XP level 4. HP: 32/35 MP: 4/4
  2279 | D:3      | Noticed Sigmund
  2654 | D:4      | Noticed an ogre
  2665 | D:4      | Killed an ogre
  2666 | D:4      | Reached XP level 5. HP: 41/41 MP: 5/5
  2675 | D:4      | Reached skill level 1 in Dodging
  2846 | D:4      | Reached skill level 4 in Long Blades
  2846 | D:4      | Reached XP level 6. HP: 47/47 MP: 6/6
  3184 | D:4      | Found a blossoming altar of Fedhas.
  3207 | D:4      | Reached XP level 7. HP: 39/53 MP: 7/7
  3862 | D:3      | Reached skill level 5 in Long Blades
  4190 | D:3      | Killed Sigmund
  4264 | D:3      | Noticed Pargi
  4275 | D:3      | Killed Pargi
  4276 | D:3      | Reached skill level 6 in Long Blades
  4606 | D:5      | Entered Level 5 of the Dungeon
  4612 | D:5      | Noticed Ijyb
  4620 | D:5      | Reached XP level 8. HP: 12/60 MP: 8/8
  4620 | D:5      | Killed from afar by Ijyb

Illustrated notes

Levels and vault maps discovered:
D:1:      dpeg_arrival_pits, layout_basic, shapermc_ecumenical_altar_notcrosses,
          kennysheep_flooded_box
D:2:      layout_loops_corners, basic_altar
D:3:      layout_loops_cross, uniq_sigmund, uniq_pargi
D:4:      layout_cave_pods, mainiacjoe_overflow_small_starburst,
          cheibrodos_sewer_entry_bend
D:5:      layout_rooms, zin_angel, uniq_grinder, uniq_ijyb

Skill      XL: |  1  2  3  4  5  6  7 |
---------------+----------------------+-----
Long Blades    | 3 4 6 |  6.1
Dodging        | 1 |  1.7
Armour         | 4 |  4.5
Fighting       | 4 |  4.1
Stealth        | |  0.8
Shields        | |  3.9

Action                   |  1- 3 |  4- 6 |  7- 9 || total
-------------------------+-------+-------+-------++-------
Melee: Long sword        |    70 |   118 |   105 ||   293
  Use: Potion            |       |     4 |       ||     4
Armor: Scale mail        |    24 |    43 |       ||    67
       Chain mail        |       |     8 |    39 ||    47
Dodge: Dodged            |    18 |    86 |    62 ||   166
Block: Buckler           |    18 |    31 |    45 ||    94
